 Dungeon Crawl Stone Soup version 0.29-a0-845-g6161e89988 (webtiles) character file.

Game seed: 11234909006651062154

741 Armakuni the Destroyer (level 8, -2/30 (61) HPs)
             Began as a Meteoran Wanderer on July 15, 2022.
             Slain by a gnoll sergeant
             ... wielding a +0 spear of venom
              (8 damage)
             ... on level 6 of the Dungeon.
             The game lasted 00:12:18 (3809 turns).

Armakuni the Destroyer (Meteoran Wanderer)          Turns: 3809, Time: 00:12:19

HP:   -2/30 (61)    AC:  6    Str: 12    XL:     8   Next: 25%
MP:   3/11          EV: 15    Int: 13    God:
Gold: 320           SH:  0    Dex: 18    Spells: 3/9 levels left

rFire   . . .      SeeInvis .   a - +1 dagger (elec)
rCold   . . .      Faith    .   (no shield)
rNeg    . . .      Spirit   .   d - +2 leather armour
rPois   .          Reflect  .   (no helmet)
rElec   .          Harm     .   (no cloak)
rCorr   .          Rampage  .   q - +0 pair of gloves
Will    +....                   (no boots)
Stlth   +.........              (no amulet)
HPRegen 0.10/turn               (no ring)
MPRegen 0.12/turn               (no ring)

@: lethally poisoned (-2 -> -17), glowing, extremely drained
A: sense surroundings 1, otherworldly, glowing, explore regen
a: no special abilities


You were on level 6 of the Dungeon.
You visited 1 branch of the dungeon, and saw 6 of its levels.

You collected 341 gold pieces.
You spent 21 gold pieces at shops.

Inventory:

Hand Weapons
 a - a +1 dagger of electrocution (weapon)
Armour
 d - a +2 leather armour (worn)
 q - a +0 pair of gloves (worn)
Wands
 h - a wand of quicksilver (9)
Scrolls
 f - a scroll of vulnerability
 k - a scroll of identify
 n - a scroll of fog
 o - 2 scrolls of magic mapping
 p - a scroll of summoning {unknown}
Potions
 b - a potion of lignification {unknown}
 c - 5 potions of curing
 g - a potion of flight {unknown}
 i - 3 potions of degeneration {unknown}
 j - a potion of haste {unknown}
 l - a potion of brilliance {unknown}
 m - 3 potions of heal wounds {unknown}


   Skills:
 - Level 2.1 Fighting
 - Level 6.0 Dodging
 - Level 1.3 Spellcasting
 + Level 9.6 Conjurations
 - Level 2.4 Poison Magic
 - Level 1.2 Invocations


You had 3 spell levels left.
You knew the following spells:

 Your Spells              Type           Power      Damage    Failure   Level
a - Sting                 Tmut/Pois      16%        1d3       22%         1
m - Mephitic Cloud        Conj/Pois/Air  11%        N/A       21%         3
s - Searing Ray           Conj           50%        2d6       1%          2

Your spell library contained the following spells:

 Spells                   Type           Power      Damage    Failure   Level
 Magic Dart               Conj           100%       1d8       1%          1
 Apportation              Tloc           0%         N/A       34%         1
 Necrotise                Necr           0%         1d4       34%         1
 Summon Small Mammal      Summ           0%         N/A       34%         1
 Call Canine Familiar     Summ           0%         N/A       71%         3
 Summon Guardian Golem    Hex/Summ       0%         N/A       71%         3
 Fulminant Prism          Conj/Hex       6%         3d7       43%         4
 Cause Fear               Hex            0%         N/A       98%         4
 Dragon Form              Tmut           0%         N/A       100%        7
 Dragon's Call            Summ           0%         N/A       100%        9


Dungeon Overview and Level Annotations

Branches:
Dungeon (6/15) Zot: 178    Temple (0/1) D:6

Altars:

Shops:
D:1 (   D:4 *?*


Innate Abilities, Weirdness & Mutations

You passively map a small area around you.
You are easily found by Zot.
You glow in the dark.
You regain HP and MP as you explore.


Message History

A gnoll comes into view. It is wielding a +0 spear.
Press: ? - help, v - describe, . - travel
Here: a gnoll sergeant, wielding a +0 spear of venom, wearing a +0 scale mail and wearing a +0 buckler (moderately wounded)
The floor.
Unknown command.
The searing ray hits the gnoll sergeant.
The gnoll sergeant is heavily wounded.
The gnoll shouts!
A gnoll comes into view. It is wielding a +0 spear.
The gnoll sergeant hits you but does no damage.
The searing ray hits the gnoll sergeant.
The gnoll sergeant is heavily wounded.
The gnoll shouts!
A gnoll comes into view. It is wielding a +0 club.
The gnoll sergeant hits you from afar with a +0 spear of venom.
You are poisoned.
Restarting spell: Searing Ray (safe; 1% risk of failure)
Press: ? - help, Q - select action, (/) - cycle Shift-Dir - straight line, f/p - gnoll sergeant
Aim: a gnoll sergeant, wielding a +0 spear of venom, wearing a +0 scale mail and wearing a +0 buckler (heavily wounded, 85% to hit)
The searing ray misses the gnoll sergeant. (Press . to maintain the ray.)
The gnoll shouts!
You feel very sick.
You hear a shout! x2
The gnoll sergeant closely misses you.
The searing ray hits the gnoll sergeant!
The gnoll sergeant is almost dead.
The searing ray misses the gnoll.
You feel sick.
A gnoll comes into view. It is wielding a +0 club.
The gnoll sergeant hits you from afar with a +0 spear of venom!
You are more poisoned.
The searing ray hits the gnoll sergeant.
The gnoll sergeant is almost dead.
The searing ray hits the gnoll!
The gnoll is severely wounded.
The searing ray misses the gnoll.
* * * LOW HITPOINT WARNING * * *
You feel very sick.
The gnoll sergeant hits you from afar with a +0 spear of venom!
You die...

*,,,,,,,,,,,,,,,,,,
*#.#****,****,****,
#.# *,****,****, #.#
*,*,,,,,,,,, #.#
*,#.....#**, #>#
*,#.....# *, ##.##
*,#.....# *,
####...####.#.....#**,
#....@.ggggg.,..).,,,,
#.##...##.###*#.)####.
*,*#.###*.# #.......
*,*#.####.# ##..#*###
*,*#......# #...# #.#
*,*####...# #<.## #.#
*,* #..## #..# #.# *,*
#..# #..# #.# *,* #..#
#..#**#<#


You could see a gnoll sergeant and 4 gnolls.

Vanquished Creatures
  Sigmund (D:2)
  A black bear (D:5)
  A scorpion (D:4)
  A hound (D:5)
  A jelly (D:4)
  An orc priest (D:4)
  4 orc wizards (D:4)
  Natasha (thrice) (D:2)
  Robin (D:3)
  7 adders
  An ufetubus (D:5)
  2 worms
  3 dart slugs
  5 orcs
  6 endoplasms
  4 giant cockroaches
  9 goblins
  5 hobgoblins
  A quokka (D:5)
  4 ball pythons
  3 bats
  3 frilled lizards
  11 kobolds
  4 rats
82 creatures vanquished.

Vanquished Creatures (others)
  3 plants (D:2)
3 creatures vanquished.

Grand Total: 85 creatures vanquished

Notes
Turn   | Place    | Note
-------+----------+-------------------------------------------
     0 | D:1      | Armakuni the Meteoran Wanderer began the quest for the Orb.
     0 | D:1      | Armakuni set off with the following items: a +0 dagger, a
                  | potion of attraction, a potion of curing, a +2 leather
                  | armour; and the following spell memorised: Sting; and the
                  | following spells available to memorise: Mephitic Cloud.
     0 | D:1      | Reached XP level 1. HP: 16/16 MP: 3/3
   232 | D:1      | Found Junucow's Weapon Emporium.
   250 | D:1      | Reached XP level 2. HP: 17/24 MP: 5/5
   295 | D:1      | Learned a level 2 spell: Searing Ray
   500 | D:1      | Glimpsed the power of Zot.
   519 | D:2      | Reached skill level 1 in Conjurations
   582 | D:2      | Reached skill level 2 in Conjurations
   582 | D:2      | Reached XP level 3. HP: 24/29 MP: 0/6
   805 | D:2      | Reached skill level 3 in Conjurations
   805 | D:2      | Reached XP level 4. HP: 36/36 MP: 1/7
   938 | D:2      | Noticed Natasha
   940 | D:2      | Noticed Sigmund
   943 | D:2      | Killed Natasha
   944 | D:2      | Reached skill level 4 in Conjurations
  1098 | D:2      | Glimpsed the power of Zot.
  1120 | D:2      | Noticed Natasha
  1140 | D:3      | Reached XP level 5. HP: 31/41 MP: 2/8
  1202 | D:3      | Identified the +0 helmet of Satisfaction {Int+3 Slay+5}
  1202 | D:3      | Noticed Robin
  1207 | D:3      | Killed Robin
  1275 | D:2      | Killed Natasha
  1276 | D:2      | Reached skill level 5 in Conjurations
  1294 | D:2      | Noticed Natasha
  1362 | D:2      | Killed Natasha
  1567 | D:2      | Killed Sigmund
  1568 | D:2      | Reached skill level 7 in Conjurations
  1568 | D:2      | Reached XP level 6. HP: 35/48 MP: 1/9
  1568 | D:2      | Reached XP level 7. HP: 41/55 MP: 1/10
  1696 | D:3      | Glimpsed the power of Zot.
  2032 | D:4      | Found Raix's Assorted Antiques.
  2040 | D:4      | Bought a sapphire potion for 21 gold pieces
  2253 | D:4      | Reached skill level 8 in Conjurations
  2289 | D:4      | Glimpsed the power of Zot.
  2291 | D:4      | Found Ume Roci's Magic Scroll Boutique.
  2317 | D:5      | Entered Level 5 of the Dungeon
  2803 | D:4      | Reached XP level 8. HP: 51/61 MP: 2/11
  2889 | D:4      | Glimpsed the power of Zot.
  2894 | D:4      | Learned a level 3 spell: Mephitic Cloud
  2928 | D:4      | Found Zischeog's General Store.
  2939 | D:4      | Glimpsed the power of Zot.
  2979 | D:4      | Glimpsed the power of Zot.
  2989 | D:4      | Touched by the power of Zot.
  2999 | D:4      | Reached skill level 9 in Conjurations
  3089 | D:4      | Glimpsed the power of Zot.
  3139 | D:4      | Glimpsed the power of Zot.
  3179 | D:5      | Glimpsed the power of Zot.
  3189 | D:5      | Touched by the power of Zot.
  3809 | D:6      | Slain by a gnoll sergeant

Illustrated notes

Levels and vault maps discovered:
D:1:      dpeg_arrival_erosion, layout_rooms, serial_shops,
          nicolae_shop_advertising_works [nicolae_subvault_shop_adworks]
D:2:      layout_rooms, serial_bayou_pond_c, minmay_tripent, uniq_natasha,
          uniq_sigmund
D:3:      layout_loops_ring, cheibrodos_sewer_entry_bend, grunt_ministairs_3,
          uniq_robin
D:4:      layout_basic, serial_shops, nicolae_shop_competitors_out_of_business,
          nicolae_shop_trees, shop, minmay_a_box_with_orc_wizards_in_it
D:5:      layout_basic, minmay_puff, uniq_duvessa, uniq_prince_ribbit1
D:6:      layout_loops_ring, mainiacjoe_overflow_six_doors_small, temple_hall,
          columned_hall_lemuel

Skill      XL: |  1  2  3  4  5  6  7  8 |
---------------+-------------------------+-----
Fighting       | 2 |  2.1
Conjurations   | 2 3 4 7 8 9 |  9.6
Dodging        | |  6.0
Spellcasting   | |  1.3
Poison Magic   | |  2.4
Invocations    | |  1.2

Action                   |  1- 3 |  4- 6 |  7- 9 || total
-------------------------+-------+-------+-------++-------
Melee: Dagger            |    71 |    24 |    14 ||   109
       Punch             |     2 |     1 |       ||     3
 Cast: Sting             |     7 |       |       ||     7
       Searing Ray       |     5 |    14 |    46 ||    65
  Use: Scroll            |     2 |     1 |     2 ||     5
Armor: Leather armour    |    24 |     9 |    22 ||    55
Dodge: Dodged            |    49 |    29 |    39 ||   117

Table legend: (Time is in decaauts)
 A = Elapsed time spent in this place.
 B = Non-inter-level travel time spent in this place.
 C = Inter-level travel time spent in this place.
 D = Time resting spent in this place.
 E = Time spent auto-exploring this place.
 F = Levels seen in this place.
 G = Mean time per level.
                   A        B        C        D        E       F      G
               +--------+--------+--------+--------+--------+-----+--------+
         Total |   3821 |   3677 |    144 |   1055 |   1453 |   6 |  636.8 |
       Dungeon |   3821 |   3677 |    144 |   1055 |   1453 |   6 |  636.8 |
               +--------+--------+--------+--------+--------+-----+--------+

Top non-repeatable levels by time:
     D:4: 1091 daAuts
     D:1: 868 daAuts
     D:2: 864 daAuts
     D:3: 606 daAuts
     D:5: 337 daAuts
     D:6: 54 daAuts
